 Dungeon Crawl Stone Soup version 0.27.1-3-gb3d3a73c9e (webtiles) character file.

Game seed: 6021501928731239584

28221 bnorton916 the Protected (level 13, -1/74 HPs)
             Began as a Deep Elf Conjurer on Oct 15, 2021.
             Was a Believer of Ashenzari.
             Killed from afar by an oklob plant (3 damage)
             ... with a splash of acid
             ... on level 5 of the Lair of Beasts.
             The game lasted 00:43:50 (23132 turns).

bnorton916 the Protected (Deep Elf Conjurer)       Turns: 23132, Time: 00:43:50

Health: -1/74      AC:  5    Str: 11    XL:     13   Next: 8%
Magic:  16/38      EV: 11    Int: 33    God:    Ashenzari [**....]
Gold:   3660       SH: 14    Dex: 17    Spells: 18/33 levels left

rFire    . . .     SeeInvis +   a - +7 sceptre of Torment {pain, torment}
rCold    + . .     Faith    .   A - +3 buckler "Urgency of Ashenzari" {Melee, Elem} (curse)
rNeg     . . .     Spirit   .   E - +0 ice dragon scales "Sybil of Ashenzari" {rElec rF- rC++ Regen+ Stlth+, Cun, Self} (curse)
rPois    +         Reflect  +   (no helmet)
rElec    +         Harm     .   w - +0 cloak
rCorr    +         Rampage  .   (no gloves)
Will     +....                  h - +0 pair of boots
Stlth    ++........             s - amulet "Shattered Bad Feelings" {Reflect Fragile rElec Str+5 Dex+4 SH+5, Comp, Fort} (curse)
HPRegen  1.22/turn              I - ring of Ucuudghoth {rPois Int+2}
MPRegen  0.26/turn              b - ring "Fytoarem" {rF+ rC- rCorr MP+9 Int+4}

@: corroded
A: no striking features
a: Renounce Religion, Curse Item, Shatter the Chains


You were on level 5 of the Lair of Beasts.
You worshipped Ashenzari.
Ashenzari was pleased with you.
You visited 3 branches of the dungeon, and saw 14 of its levels.

You collected 3660 gold pieces.

Inventory:

Hand Weapons
 a - the +7 sceptre of Torment (weapon) {pain, torment}
   (You found it on level 2 of the Lair of Beasts)

   In the hands of one skilled in necromantic magic, it inflicts extra damage on
   living creatures.
   It occasionally torments all nearby living foes when it strikes in combat.
 g - a +3 dagger of speed
 m - a +1 whip of electrocution
 H - a +2 shortbow of flaming
 S - the +6 great mace "Banaff" {speed, rF+ MP+9 Int+3}
   (You took it off a two-headed ogre on level 6 of the Dungeon)

   Attacks with this weapon are significantly faster.
   Int:       It affects your intelligence (+3).
   rF:        It protects you from fire.
   MP:        It affects your magic capacity (+9).
Armour
 h - a +0 pair of boots (worn)
 w - a +0 cloak (worn)
 A - the cursed +3 buckler "Urgency of Ashenzari" (worn) {Melee, Elem}
   (You took it off a gnoll sergeant on level 6 of the Dungeon)

   It has a curse which improves the following skills: Melee Combat: Short
   Blades, Long Blades, Axes, Maces & Flails, Polearms, Staves and Unarmed
   Combat.
   Elements:  Fire Magic, Ice Magic, Air Magic and Earth Magic.
 E - the cursed +0 ice dragon scales "Sybil of Ashenzari" (worn) {rElec rF- rC++ Regen+ Stlth+, Cun, Self}
   (You took it off a meliai on level 8 of the Dungeon)

   rF:        It makes you vulnerable to fire.
   rC:        It greatly protects you from cold.
   rElec:     It insulates you from electricity.
   Regen:     It increases your rate of health regeneration.
   Stlth:     It makes you more stealthy.
   It has a curse which improves the following skills: Cunning: Dodging and
   Stealth.
   Introspection: Fighting and Spellcasting.
Magical Staves
 Q - a staff of cold
Jewellery
 b - the ring "Fytoarem" (right hand) {rF+ rC- rCorr MP+9 Int+4}
   (You acquired it on level 6 of the Dungeon)

   [ring of protection from fire]

   Int:       It affects your intelligence (+4).
   rF:        It protects you from fire.
   rC:        It makes you vulnerable to cold.
   MP:        It affects your magic capacity (+9).
   rCorr:     It protects you from acid and corrosion.
 r - an amulet of magic regeneration
 s - the cursed amulet "Shattered Bad Feelings" (around neck) {Reflect Fragile rElec Str+5 Dex+4 SH+5, Comp, Fort}
   (You acquired it on level 6 of the Dungeon)

   [amulet of reflection]

   It reflects blocked missile attacks.
   Str:       It affects your strength (+5).
   Dex:       It affects your dexterity (+4).
   rElec:     It insulates you from electricity.
   Fragile:   It will be destroyed if unequipped.
   SH:        It affects your SH (+5).
   It has a curse which improves the following skills: Companions: Summonings
   and Necromancy.
   Fortitude: Armour and Shields.
 F - the ring of Xumakioth {Wiz rC+}
   (You took it off a tengu warrior on level 8 of the Dungeon)

   [ring of wizardry]

   It improves your spell success rate.
   rC:        It protects you from cold.
 I - the ring of Ucuudghoth (left hand) {rPois Int+2}
   (You took it off a centaur on level 8 of the Dungeon)

   [ring of poison resistance]

   Int:       It affects your intelligence (+2).
   rPois:     It protects you from poison.
 J - an amulet of the acrobat
 N - a +4 ring of evasion
 R - a +6 ring of intelligence
 T - a +4 ring of evasion
Wands
 j - a wand of paralysis (17)
 p - a wand of iceblast (6)
 v - a wand of acid (3)
 C - a wand of polymorph (9)
 M - a wand of digging (1)
 O - a wand of flame (15)
Scrolls
 f - a scroll of summoning
 i - 2 scrolls of torment
 n - a scroll of magic mapping
 u - a scroll of silence
 x - 2 scrolls of fog
 y - 2 scrolls of enchant armour
 B - 3 scrolls of brand weapon
 K - a scroll of amnesia
 L - a scroll of teleportation
 P - 2 scrolls of fear
Potions
 c - 4 potions of flight
 d - 4 potions of attraction
 e - 4 potions of heal wounds
 k - 4 potions of brilliance
 l - 2 potions of haste
 o - 5 potions of curing
 q - a potion of mutation
 t - a potion of ambrosia
 z - 2 potions of resistance
 D - 3 potions of lignification
Miscellaneous
 G - a box of beasts


   Skills:
 - Level 4.7(6.2) Fighting
 - Level 3.1(4.4) Staves
 - Level 10.7(12.0) Armour
 - Level 6.0(7.4) Dodging
 - Level 2.4(3.6) Stealth
 - Level 4.0(5.3) Shields
 + Level 9.4(10.8) Spellcasting
 + Level 9.6 Conjurations
 - Level 7.5 Hexes
 + Level 2.9(4.1) Necromancy
 - Level 6.2 Translocations
 - Level 4.2(5.6) Fire Magic
 - Level 6.3(7.8) Ice Magic
 - Level 1.3(2.3) Air Magic
 - Level 4.1(5.5) Earth Magic


You had 18 spell levels left.
You knew the following spells:

 Your Spells              Type           Power      Damage    Failure   Level
a - Magic Dart            Conj           100%       1d8       1%          1
b - Searing Ray           Conj           100%       3d7       1%          2
c - Fulminant Prism       Conj/Hex       32%        3d16      4%          4
d - Iskenderun's Mystic   Conj/Tloc      63%        2d13      5%          4
e - Hailstorm             Conj/Ice       66%        3d14      3%          4

Your spell library contained the following spells:

 Spells                   Type           Power      Damage    Failure   Level
 Foxfire                  Conj/Fire      100%       2x1d9     1%          1
 Sandblast                Erth           100%       2d20      1%          1
 Slow                     Hex            61%        N/A       1%          2
 Confusing Touch          Hex            61%        N/A       1%          3
 Conjure Flame            Conj/Fire      61%        6-21      1%          3
 Dazzling Flash           Conj/Hex       100%       N/A       1%          3
 Inner Flame              Hex/Fire       57%        N/A       2%          3
 Sublimation of Blood     Necr           22%        N/A       3%          2
 Gell's Gravitas          Tloc           28%        N/A       3%          3
 Teleport Other           Tloc           56%        N/A       3%          3
 Passwall                 Tmut/Erth      30%        N/A       7%          2
 Ice Form                 Ice/Tmut       43%        N/A       26%         4
 Lee's Rapid Deconstruct  Erth           26%        3d15*     36%         5
 Petrify                  Tmut/Erth      36%        N/A       41%         4
 Irradiate                Conj/Tmut      24%        3d21      45%         5
 Yara's Violent Unravell  Hex/Tmut       21%        3d10      63%         5
 Dispersal                Tloc           28%        N/A       85%         6
 Simulacrum               Ice/Necr       27%        N/A       87%         6


Dungeon Overview and Level Annotations

Branches:
Dungeon (8/15)             Temple (1/1) D:6            Lair (5/6) D:8
 Shoals (0/4) Lair:4       Spider (0/4) Lair:3        Slime (0/5) Lair:5

Altars:
Ashenzari
Dithmenos
Elyvilon
Fedhas
Hepliaklqana
Okawaru
Qazlal
Uskayaw
The Shining One

Shops:
D:1 (   D:7 [

Annotations:
Lair:5 exclusion: 4 oklob plants


Message History

You conjure a prism of explosive energy!
A fulminant prism comes into view.
The oklob plant spits acid at you. The splash of acid hits you! You resist.
You are splashed with acid.
You resist. The oklob plant spits acid at you. The splash of acid hits you.
You resist. The acid corrodes you!
You are splashed with acid.
You resist.
* * * LOW HITPOINT WARNING * * *
Your fulminant prism explodes!
The blast of energy engulfs the oklob plant!!
You destroy the oklob plant!
The blast of energy engulfs the oklob plant!!
The oklob plant is heavily damaged.
The blast of energy engulfs the oklob plant!!
The oklob plant is severely damaged.
Unknown command.
Unknown command.
Casting: Fulminant Prism (dangerous; 4% risk of failure)
Confirm with . or Enter, or press ? or * to list all spells.
Aiming: Fulminant Prism (dangerous; 4% risk of failure)
Press: ? - help, Dir - move target You conjure a prism of explosive energy!
A fulminant prism comes into view.
The oklob plant spits acid at you. The splash of acid hits you. You resist.
* * * LOW HITPOINT WARNING * * *
You are splashed with acid.
You resist.
* * * LOW HITPOINT WARNING * * *
The oklob plant spits acid at you. The splash of acid hits you. You resist.
* * * LOW HITPOINT WARNING * * *
You are splashed with acid.
You resist.
* * * LOW HITPOINT WARNING * * *
Your fulminant prism crackles loudly.
Unknown command.
Unknown command.
The oklob plant spits acid at you. The splash of acid hits you. You resist.
You die...

* , , *
##.#...... ,
..........
*#......... ,
##,*,
...*.PP.., *
#..# .....>P..,
, .....
+.....P.. *,
P.....#....*...
.......@.......
, ,
....#.#.....###
# *# .....P#*
**,#........# ,
, .......... ,
, ...........
,, ,l.....?....
............ ,
, ,, ,


You could see 4 oklob plants, a basilisk and 2 friendly fulminant prisms.

Vanquished Creatures
  6 hydras
  Erica (Lair:2)
  A two-headed ogre (D:6)
  A tengu warrior (D:8)
  A lindwurm (Lair:4)
  6 oklob plants
  A cyclops (D:8)
  A manticore (D:8)
  3 black mambas
  A torpor snail (Lair:4)
  4 cane toads
  A gargoyle (D:8)
  The ghost of Daunt the Poker, a novice DgSu (D:6)
  5 rime drakes
  13 komodo dragons
  A troll (D:8)
  A polar bear (Lair:2)
  A meliai (D:8)
  8 blink frogs
  Prince Ribbit (D:8)
  A hornet (D:8)
  14 yaks
  5 basilisks
  Menkaure (D:7)
  A steam dragon (D:6)
  An acid dragon (D:8)
  7 water moccasins
  Duvessa (D:5)
  6 orc warriors
  An ice beast (D:5)
  3 sky beasts
  2 black bears
  5 ogres
  8 centaurs
  A kobold brigand (D:7)
  3 scorpions
  9 bullfrogs
  A gnoll sergeant (D:6)
  A water moccasin skeleton (D:5)
  Dowan (D:5)
  A wight (D:8)
  A howler monkey (D:6)
  2 electric eels (Lair:4)
  2 centaur zombies (D:8)
  A centaur skeleton (D:7)
  A jelly (D:7)
  2 bullfrog skeletons
  13 orc priests
  4 hounds
  A gnoll shaman (D:5)
  3 iguanas
  8 orc wizards
  2 killer bee zombies
  A hound skeleton (D:5)
  2 howler monkey zombies (D:8)
  19 gnolls
  7 adders
  A shadow imp (D:8)
  An ufetubus (D:6)
  An adder skeleton (D:5)
  3 dart slugs
  21 orcs
  3 bats
  8 endoplasms
  3 giant cockroaches
  5 goblins
  4 hobgoblins
  2 jackals (D:2)
  9 kobolds
  4 quokkas
  2 ball pythons
  6 frilled lizards (D:2)
  6 rats
279 creatures vanquished.

Vanquished Creatures (others)
  96 fulminant prisms
  19 fungi
  67 plants
182 creatures vanquished.

Grand Total: 461 creatures vanquished

Notes
Turn   | Place    | Note
-------+----------+-------------------------------------------
     0 | D:1      | bnorton916 the Deep Elf Conjurer began the quest for the
                  | Orb.
     0 | D:1      | Reached XP level 1. HP: 10/10 MP: 6/6
   191 | D:1      | Reached XP level 2. HP: 15/15 MP: 1/8
   733 | D:1      | Learned a level 2 spell: Searing Ray
  1118 | D:1      | Found Patiuxtu's Weapon Shop.
  1373 | D:2      | Reached XP level 3. HP: 19/19 MP: 7/10
  1423 | D:2      | Reached skill level 5 in Conjurations
  1729 | D:2      | Found a faded altar of an unknown god.
  1906 | D:2      | Reached XP level 4. HP: 24/24 MP: 10/12
  2149 | D:3      | Reached skill level 5 in Spellcasting
  2997 | D:4      | Reached XP level 5. HP: 28/28 MP: 10/15
  3142 | D:4      | Noticed a black bear
  3147 | D:4      | Killed a black bear
  3269 | D:4      | Learned a level 4 spell: Fulminant Prism
  3274 | D:4      | Learned a level 4 spell: Iskenderun's Mystic Blast
  3470 | D:5      | Entered Level 5 of the Dungeon
  3494 | D:5      | Reached skill level 1 in Hexes
  3494 | D:5      | Reached skill level 1 in Translocations
  3494 | D:5      | Reached XP level 6. HP: 32/32 MP: 12/17
  3603 | D:5      | Noticed an ice beast
  3616 | D:5      | Killed an ice beast
  3617 | D:5      | Reached XP level 7. HP: 16/36 MP: 11/18
  4078 | D:5      | Reached skill level 5 in Hexes
  4377 | D:5      | Noticed Duvessa
  4380 | D:5      | Noticed Dowan
  4386 | D:5      | Killed Dowan
  4388 | D:5      | Killed Duvessa
  4389 | D:5      | Reached skill level 5 in Translocations
  4750 | D:6      | Reached XP level 8. HP: 30/41 MP: 15/19
  5380 | D:6      | Identified 3 scrolls of acquirement
  5380 | D:6      | Acquired the ring "Fytoarem" {rF+ rC- rCorr MP+9 Int+4}
  5441 | D:6      | Acquired 637 gold pieces
  5443 | D:6      | Acquired the amulet "Jygriraj" {Reflect Fragile rElec Str+5
                  | Dex+4 SH+5}
  6041 | D:6      | Reached skill level 1 in Shields
  6455 | D:6      | Identified the +6 great mace "Banaff" {speed, rF+ MP+9
                  | Int+3}
  6455 | D:6      | Noticed a two-headed ogre
  6456 | D:6      | Found a transporter.
  6456 | D:6      | Noticed Daunt's ghost (novice DgSu)
  6465 | D:6      | Found a transporter.
  6949 | D:6      | Reached skill level 1 in Armour
  7318 | D:6      | Found a staircase to the Ecumenical Temple.
  7441 | Temple   | Entered the Ecumenical Temple
  7449 | Temple   | Became a worshipper of Ashenzari the Shackled
  7522 | D:7      | Reached skill level 2 in Armour
  7522 | D:7      | Reached XP level 9. HP: 45/45 MP: 20/20
  7604 | D:6      | Reached skill level 3 in Armour
  8274 | D:7      | Found Goumocso's Antique Armour Emporium.
  8293 | D:7      | Reached skill level 4 in Armour
  8323 | D:7      | Identified the +0 leather armour "Voluqil" {*Slow rF+
                  | Int+4}
  8428 | D:7      | Reached skill level 5 in Dodging
  8640 | D:7      | Noticed Menkaure
  8643 | D:7      | Killed Menkaure
  8702 | D:7      | Learned a level 4 spell: Hailstorm
  9043 | D:8      | Reached skill level 1 in Fighting
  9043 | D:8      | Reached skill level 1 in Ice Magic
  9437 | D:8      | Found a staircase to the Lair.
  9942 | D:8      | Noticed a manticore
  9942 | D:8      | Noticed a troll
  9944 | D:8      | Identified the ring of Xumakioth {Wiz rC+}
  9944 | D:8      | Noticed a tengu warrior
  9948 | D:8      | Killed a manticore
  9949 | D:8      | Reached XP level 10. HP: 28/56 MP: 21/21
  9962 | D:8      | Identified the ring of Ucuudghoth {rPois Int+2}
 10516 | D:8      | Noticed Prince Ribbit
 10521 | D:8      | Killed Prince Ribbit
 10522 | D:8      | Reached skill level 5 in Ice Magic
 10535 | D:8      | Identified the +1 leather armour "Yhiteh" {rC++}
 10956 | D:8      | Killed a tengu warrior
 11007 | D:8      | Identified the +0 ice dragon scales of the Moon Troll
                  | {rElec rF- rC++ Regen+ Stlth+}
 11601 | D:8      | Noticed a gargoyle
 11609 | D:8      | Killed a gargoyle
 11610 | D:8      | Reached skill level 5 in Armour
 11786 | D:8      | Noticed a cyclops
 11796 | D:8      | Killed a cyclops
 12213 | Lair:1   | Entered Level 1 of the Lair of Beasts
 12261 | Lair:1   | Reached skill level 6 in Armour
 12503 | Lair:1   | Reached XP level 11. HP: 62/62 MP: 22/22
 12650 | Lair:1   | Reached skill level 7 in Armour
 13026 | Lair:1   | Noticed a five-headed hydra
 13038 | Lair:1   | Killed a five-headed hydra
 13039 | Lair:1   | Reached skill level 8 in Armour
 13783 | Lair:2   | Noticed a six-headed hydra
 13792 | Lair:2   | Killed a six-headed hydra
 14063 | Lair:2   | Reached skill level 9 in Armour
 14330 | Lair:2   | Found the +7 sceptre of Torment {pain, torment}
 14351 | Lair:2   | Noticed Erica
 14756 | Lair:2   | Killed Erica
 15209 | Lair:2   | Noticed a seven-headed hydra
 15211 | Lair:2   | Reached skill level 10 in Armour
 15217 | Lair:2   | Killed a seven-headed hydra
 16151 | Lair:2   | Reached * piety under Ashenzari
 16199 | Lair:2   | Reached XP level 12. HP: 38/67 MP: 23/23
 16623 | Lair:3   | Reached skill level 1 in Staves
 16623 | Lair:3   | Reached skill level 1 in Fire Magic
 16623 | Lair:3   | Reached skill level 1 in Earth Magic
 16792 | Lair:2   | Reached skill level 1 in Air Magic
 18242 | Lair:3   | Noticed a six-headed hydra
 18657 | Lair:3   | Killed a six-headed hydra
 19088 | Lair:3   | Found a hole to the Spider Nest.
 19310 | Lair:3   | Noticed a seven-headed hydra
 19326 | Lair:3   | Killed a seven-headed hydra
 19993 | Lair:3   | Reached ** piety under Ashenzari
 20474 | Lair:4   | Acquired 986 gold pieces
 20993 | Lair:4   | Noticed a four-headed hydra
 21002 | Lair:4   | Killed a four-headed hydra
 21987 | Lair:4   | Found a staircase to the Shoals.
 22009 | Lair:4   | Reached skill level 1 in Necromancy
 22685 | Lair:4   | Acquired 1293 gold pieces
 22953 | D:6      | Killed a two-headed ogre
 22954 | D:6      | Reached XP level 13. HP: 74/74 MP: 23/29
 22959 | D:6      | Killed Daunt's ghost
 23123 | Lair:5   | Found a staircase to the Slime Pits.
 23131 | Lair:5   | HP: 1/74 [acid (6)]
 23132 | Lair:5   | Killed from afar by an oklob plant

Illustrated notes

Levels and vault maps discovered:
D:1:      amcnicky_arrival_underground_garden, layout_rooms, serial_shops,
          nicolae_shop_statue_plus, lemuel_another_geyser
D:2:      layout_rooms, chequers_ecumenical_altar_twisty, minmay_lizard_king,
          uniq_crazy_yiuf_cottage
D:3:      layout_loops_cross, st_stairs_8, chequers_serial_rivers_micro_d
D:4:      layout_rooms
D:5:      layout_basic, uniq_duvessa
D:6:      layout_basic, temple_hall, gammafunk_ghost_smash,
          hangedman_abyss_or_decor_stagger
D:7:      layout_gridville, serial_shops, nicolae_stop_n_shop_2, uniq_menkaure
D:8:      minmay_the_grid_triangle_9x9_recursive_2
          [minmay_the_grid_triangle_9x9_prize_center,
          minmay_the_grid_triangle_9x9_checkered,
          minmay_the_grid_triangle_9x9_windchime,
          minmay_the_grid_triangle_9x9_from_above], layout_loops_ring,
          dpeg_oklobed_lair, uniq_prince_ribbit1
Temple:   compressed_dpeg_triangle_lava_temple
Lair:1:   layout_chaotic_city, serial_bayou_shore_b, lemuel_fruit_tree
Lair:2:   layout_cave_shapes, serial_rivers, chequers_serial_rivers_micro_a,
          chequers_serial_rivers_micro_c, chequers_serial_rivers_small_3,
          chequers_serial_rivers_micro_e, chequers_serial_rivers_room_b,
          chequers_serial_rivers_small_3, serial_bayou_shore_b,
          serial_bayou_shore_b, grunt_megastairs_1, uniq_erica
Lair:3:   layout_regular_city, spider_nest_entry_web_field, beast_lair_carwin_8
Lair:4:   layout_gridlike, minmay_shoals_entry_centaurs,
          minmay_lair_oklob_chamber, serial_bayou_shore_a
Lair:5:   layout_regular_city, minmay_slime_entry_oklob_open,
          infiniplex_staircase_pool, grunt_megastairs_3

Skill      XL: |  1  2  3  4  5  6  7  8  9 10 11 12 |
---------------+-------------------------------------+-----
Spellcasting   | 4 5 6 9 |  9.4
Conjurations   | 5 6 9 |  9.6
Hexes          | 1 3 6 7 |  7.5
Translocations | 1 3 5 6 |  6.2
Shields        | 4 |  4.0
Armour         | 2 4 6 10 | 10.7
Dodging        | 6 |  6.0
Fighting       | 3 4 |  4.7
Ice Magic      | 4 6 |  6.3
Staves         | 3 |  3.1
Fire Magic     | 4 |  4.2
Earth Magic    | 4 |  4.1
Air Magic      | 1 |  1.3
Necromancy     | 2 |  2.9
Stealth        | |  2.4

Action                   |  1- 3 |  4- 6 |  7- 9 | 10-12 | 13-15 || total
-------------------------+-------+-------+-------+-------+-------++-------
Melee: Whip              |       |     6 |    25 |    11 |       ||    42
       Eveningstar       |       |       |       |     1 |       ||     1
 Cast: Magic Dart        |    81 |    57 |   117 |    69 |       ||   324
       Searing Ray       |     1 |     8 |    57 |    62 |     2 ||   130
       Iskenderun's Myst |       |       |     7 |    38 |       ||    45
       Fulminant Prism   |       |       |    11 |    82 |     6 ||    99
       Hailstorm         |       |       |       |       |     1 ||     1
Invok: Curse Item        |       |       |     1 |     2 |       ||     3
  Use: Scroll            |       |       |    17 |     3 |       ||    20
       Potion            |       |       |     1 |     1 |       ||     2
Armor: Robe              |     1 |     4 |    10 |       |       ||    15
       Steam dragon scal |       |       |     4 |    12 |       ||    16
       Ice dragon scales |       |       |       |    16 |     3 ||    19
Dodge: Dodged            |       |    14 |    48 |    50 |       ||   112
Block: Other             |       |       |     1 |       |       ||     1
       Buckler           |       |       |    34 |    82 |     6 ||   122
       Reflection        |       |       |     7 |    16 |     1 ||    24
